 Dungeon Crawl Stone Soup version 0.26-a0-660-gc07710193c (webtiles) character file.

Game seed: 12599890542109811404

2424 droidtality the Cleaver (level 9, 0/72 HPs)
             Began as a Ghoul Fighter on Oct 6, 2020.
             Was a Follower of Makhleb.
             Slain by a killer bee (4 damage)
             ... on level 7 of the Dungeon.
             The game lasted 00:09:15 (8211 turns).

droidtality the Cleaver (Ghoul Fighter)             Turns: 8211, Time: 00:09:15

Health: 0/72       AC: 10    Str: 23    XL:     9   Next: 48%
Magic:  8/8        EV:  8    Int:  3    God:    Makhleb [*.....]
Gold:   194        SH:  0    Dex:  8    Spells: 8/8 levels left

rFire    . . .     SeeInvis .   D - +0 battleaxe
rCold    + . .     Faith    +   (shield currently unavailable)
rNeg     + + +     Spirit   .   k - +0 chain mail
rPois    ∞         Reflect  .   (no helmet)
rElec    .         Harm     .   (no cloak)
rCorr    +         Rampage  .   (no gloves)
MR       .....                  j - +0 pair of boots
Stlth    ..........             r - amulet of faith
HPRegen  0.00/turn              C - ring of resist corrosion
MPRegen  0.11/turn              (no ring)

@: mighty
A: rotting body, claws 1, cold resistance 1, negative energy resistance 3,
inhibited regeneration, torment resistance, unbreathing
a: Renounce Religion


You were on level 7 of the Dungeon.
You worshipped Makhleb.
Makhleb was aware of your devotion.
You visited 2 branches of the dungeon, and saw 9 of its levels.

You collected 330 gold pieces.
You spent 136 gold pieces at shops.

Inventory:

Hand Weapons
 a - a +0 war axe
 D - a +0 battleaxe (weapon)
Armour
 c - a +0 kite shield
 j - a +0 pair of boots (worn)
 k - a +0 chain mail (worn)
Jewellery
 r - an amulet of faith (around neck)
 C - a ring of resist corrosion (left claw)
Wands
 s - a wand of paralysis (19)
 B - a wand of digging (6)
Scrolls
 b - 4 scrolls of identify
 e - 2 scrolls of remove curse
 f - a scroll of immolation {unknown}
 i - a scroll of fear
 l - 4 scrolls of enchant armour
 n - a scroll of amnesia {unknown}
 o - 2 scrolls of magic mapping
 p - a scroll of random uselessness {unknown}
 y - 4 scrolls of teleportation {unknown}
 A - a scroll of blinking {unknown}
Potions
 g - 6 potions of curing
 h - 2 potions of brilliance {unknown}
 m - 3 potions of ambrosia {unknown}
 q - a potion of degeneration {unknown}
 t - 2 potions of resistance {unknown}
 u - a potion of flight {unknown}
 v - a potion of stabbing {unknown}
 w - 2 potions of invisibility {unknown}
 x - 2 potions of magic {unknown}
 z - 2 potions of berserk rage {unknown}


   Skills:
 + Level 4.5 Fighting
 + Level 10.2 Axes
 + Level 4.6 Armour
 - Level 0.4 Stealth
 + Level 3.8 Shields


You had 8 spell levels left.
You didn't know any spells.
Your spell library was empty.

Dungeon Overview and Level Annotations

Branches:
Dungeon (8/15)             Temple (1/1) D:6
   Lair: D:8-11

Altars:
Ashenzari
Dithmenos
Elyvilon
Fedhas
Gozag
Hepliaklqana
Kikubaaqudgha
Makhleb
Nemelex Xobeh
Qazlal
Trog
Vehumet
Wu Jian
Xom
Zin
The Shining One

Shops:
D:7 (


Innate Abilities, Weirdness & Mutations

Your body is rotting away.
You thrive by killing the living.
You are immune to poison.
You have sharp fingernails.
Your flesh is cold resistant. (rC+)
You are immune to negative energy. (rN+++)
You do not regenerate when monsters are visible.
You are immune to unholy pain and torment.
You can survive without breathing.


Message History

* * * LOW HITPOINT WARNING * * *
The killer bee stings you but does no damage.
You barely miss the killer bee.
The killer bee is heavily wounded.
The killer bee stings you.
* * * LOW HITPOINT WARNING * * *
The killer bee barely misses you. x2
You closely miss the killer bee.
The killer bee is heavily wounded.
The killer bee stings you but does no damage.
The killer bee stings you.
* * * LOW HITPOINT WARNING * * *
You feel very mighty all of a sudden. The killer bee stings you!
* * * LOW HITPOINT WARNING * * *
The killer bee stings you but does no damage.
You closely miss the killer bee.
The killer bee is heavily wounded.
The killer bee stings you.
You die...

#######....#####.##.###.#
.........### #.#..# #.#
.######.## ###...####.##
## #.# ###.....##....#
#######.## #...#..###....#
.........###.###..###....#
#######.(................#
# ##.((.(...y.#...<..# #
#........@>..###### ####
#......>....####
...#####........#.....##
#.................###..#
....###....######.##...#
.#........## #.##.###
..........# #.##.#
##<..#.#.## #.##.#
.......#.# #.##.#


You could see a killer bee.

Vanquished Creatures
  3 sky beasts
  An ice beast (D:5)
  2 phantoms
  2 black bears (D:6)
  3 ogres
  3 centaurs
  2 bullfrogs
  A scorpion (D:4)
  4 killer bees (D:7)
  A howler monkey (D:8)
  A bullfrog zombie (D:5)
  A jelly (D:5)
  4 orc wizards
  3 orc priests
  Jessica (D:3)
  2 iguanas
  4 bullfrog skeletons
  5 worker ants
  A killer bee zombie (D:6)
  A worker ant zombie (D:6)
  7 adders
  A howler monkey skeleton (D:4)
  A shadow imp (D:5)
  A white imp (D:5)
  2 oozes
  An adder skeleton (D:7)
  An adder zombie (D:7)
  2 worms
  A dart slug (D:4)
  5 leopard geckos
  22 orcs
  3 bats
  A giant cockroach (D:2)
  8 goblins
  7 hobgoblins
  6 jackals
  A quokka (D:3)
  A ball python skeleton (D:6)
  5 frilled lizards
  A jackal skeleton (D:4)
  10 kobolds
  A leopard gecko skeleton (D:5)
  A quokka zombie (D:5)
  7 rats
141 creatures vanquished.

Notes
Turn   | Place    | Note
-------+----------+-------------------------------------------
     0 | D:1      | droidtality the Ghoul Fighter began the quest for the Orb.
     0 | D:1      | Reached XP level 1. HP: 19/19 MP: 0/0
    70 | D:1      | Found a glowing golden altar of the Shining One.
   134 | D:1      | Reached skill level 2 in Axes
   137 | D:1      | Reached XP level 2. HP: 26/26 MP: 1/1
   465 | D:1      | Reached XP level 3. HP: 28/31 MP: 2/2
   467 | D:1      | Reached skill level 3 in Axes
  1117 | D:2      | Reached XP level 4. HP: 38/38 MP: 3/3
  1321 | D:2      | Found a broken altar of Ashenzari.
  1322 | D:2      | Found a glowing silver altar of Zin.
  1368 | D:3      | Noticed Jessica
  1375 | D:3      | Killed Jessica
  1375 | D:3      | Reached skill level 4 in Axes
  1792 | D:3      | Reached XP level 5. HP: 39/45 MP: 4/4
  2294 | D:4      | Reached skill level 5 in Axes
  2441 | D:4      | Reached XP level 6. HP: 35/51 MP: 5/5
  2692 | D:4      | Reached skill level 6 in Axes
  2933 | D:4      | Reached XP level 7. HP: 45/57 MP: 6/6
  3236 | D:5      | Entered Level 5 of the Dungeon
  3274 | D:5      | Reached skill level 7 in Axes
  3823 | D:5      | Reached skill level 8 in Axes
  3823 | D:5      | Reached XP level 8. HP: 13/63 MP: 7/7
  4540 | D:5      | Reached skill level 9 in Axes
  5085 | D:5      | HP: 3/63 [something (5)]
  5870 | D:6      | Found a staircase to the Ecumenical Temple.
  6089 | D:6      | Reached XP level 9. HP: 71/71 MP: 8/8
  6980 | Temple   | Entered the Ecumenical Temple
  7111 | Temple   | Became a worshipper of Makhleb the Destroyer
  7206 | D:7      | Reached skill level 10 in Axes
  7910 | D:7      | Found Riemock's Antique Weapon Emporium.
  7912 | D:7      | Bought a battleaxe for 136 gold pieces
  8172 | D:8      | Reached * piety under Makhleb
  8211 | D:7      | Slain by a killer bee

Illustrated notes

Levels and vault maps discovered:
D:1:      minmay_arrival_loop, layout_rooms, minmay_misc_feat_pillars,
          tso_metal_star
D:2:      layout_loops_cross, gammafunk_temple_overflow_pools
D:3:      layout_basic, kennysheep_jessica_study
D:4:      layout_loops_ring
D:5:      layout_gridville
D:6:      layout_basic, minmay_temple_entry_from_below_a
D:7:      layout_rooms, serial_shops, nicolae_shop_trees
D:8:      layout_basic, david_lair_generic
Temple:   dpeg_five_rooms_temple

Skill      XL: |  1  2  3  4  5  6  7  8  9 |
---------------+----------------------------+-----
Axes           | 2 3 4 5 6 8 9 10 | 10.2
Armour         | 3 4 |  4.6
Shields        | 3 |  3.8
Fighting       | 4 |  4.5
Stealth        | |  0.4

Action                   |  1- 3 |  4- 6 |  7- 9 || total
-------------------------+-------+-------+-------++-------
Melee: War axe           |   115 |   151 |   354 ||   620
       Battleaxe         |       |       |    21 ||    21
  Use: Scroll            |     1 |       |     6 ||     7
       Potion            |       |       |     2 ||     2
Armor: Scale mail        |    31 |       |       ||    31
       Chain mail        |    23 |    78 |   212 ||   313
Dodge: Dodged            |    39 |    41 |    89 ||   169
Block: Kite shield       |    55 |    76 |   155 ||   286

Table legend: (Time is in decaauts)
 A = Elapsed time spent in this place.
 B = Non-inter-level travel time spent in this place.
 C = Inter-level travel time spent in this place.
 D = Time resting spent in this place.
 E = Time spent auto-exploring this place.
 F = Levels seen in this place.
 G = Mean time per level.
                   A        B        C        D        E       F      G
               +--------+--------+--------+--------+--------+-----+--------+
         Total |   8365 |   7545 |    820 |   1554 |   4648 |   9 |  929.4 |
       Dungeon |   8172 |   7442 |    730 |   1554 |   4547 |   8 | 1021.5 |
        Temple |    193 |    103 |     90 |      0 |    101 |   1 |  193.0 |
               +--------+--------+--------+--------+--------+-----+--------+

Top non-repeatable levels by time:
     D:5: 2479 daAuts
     D:7: 1175 daAuts
     D:6: 1091 daAuts
     D:4: 1081 daAuts
     D:3: 848 daAuts
     D:1: 782 daAuts
     D:2: 627 daAuts
  Temple: 193 daAuts
     D:8: 86 daAuts
